 Dungeon Crawl Stone Soup version 0.17.1-3-g152610e (webtiles) character file.

31 Heliophagus the Digger (level 3, -3/19 HPs)
             Began as a Gargoyle Earth Elementalist on Mar 29, 2016.
             Slain by Ijyb
             ... wielding a +5 club
              (8 damage)
             ... on level 2 of the Dungeon.
             The game lasted 00:12:26 (1288 turns).

Heliophagus the Digger (GrEE)                       Turns: 1288, Time: 00:12:26

Health: -3/19      AC:  6    Str: 11    XL:     3   Next: 22%
Magic:  6/6        EV: 11    Int: 16    God:
Gold:   35         SH:  3    Dex: 10    Spells: 1 memorised, 5 levels left

rFire  . . .     SeeInvis .     e - +0 club
rCold  . . .     Clarity  .     a - +0 robe
rNeg   + . .     SustAt   .     g - +0 buckler
rPois  ∞         Gourm    .     (no helmet)
rElec  +         Spirit   .     (no cloak)
rCorr  .         Warding  .     l - +0 pair of gloves
rMut   .         Stasis   .     (no boots)
MR     .....                    (no amulet)
Stlth  ++........               (no ring)
                                (no ring)

@: not resistant to hostile enchantments, unstealthy
A: negative energy resistance 1, electricity resistance, unbreathing,
petrification resistance, rot immunity, AC +3
a: no special abilities


You were on level 2 of the Dungeon.
You were hungry.

You visited 1 branch of the dungeon, and saw 2 of its levels.

You collected 35 gold pieces.

Inventory:

Hand Weapons
 e - a +0 club (weapon)
Missiles
 b - 57 stones (quivered)
Armour
 a - a +0 robe (worn)
 g - a +0 buckler (worn)
 l - a +0 pair of gloves (worn)
Scrolls
 h - 3 scrolls of identify {unknown}
 j - a scroll of teleportation {unknown}
Potions
 f - a potion of brilliance {unknown}
 k - 2 potions of resistance {unknown}
 n - a potion of curing {unknown}
Books
 c - a book of Geomancy

   Spells                             Type                      Level
   a - Sandblast                      Earth                        1
   b - Stoneskin                      Transmutation/Earth          2
   c - Passwall                       Transmutation/Earth          3
   d - Stone Arrow                    Conjuration/Earth            3
   e - Petrify                        Transmutation/Earth          4
   f - Lee's Rapid Deconstruction     Earth                        5
Comestibles
 d - a bread ration
 i - a slice of pizza
 m - a royal jelly


   Skills:
 + Level 2.1 Dodging
 + Level 2.7 Stealth
 + Level 2.2 Spellcasting
   Level 0.7 Transmutations
 - Level 4.0 Earth Magic


You had 5 spell levels left.
You knew the following spells:

 Your Spells              Type           Power        Failure   Level  Hunger
a - Sandblast             Erth           ##....       8%          1    #......


Dungeon Overview and Level Annotations

Branches:
Dungeon (2/15)

Altars:

Annotations:
D:2 Ijyb, Terence


Innate Abilities, Weirdness & Mutations

You are resistant to torment.
Your stone body is resilient (AC +3).
You are immune to poison.
You resist negative energy.
You are resistant to electric shocks.
You can survive without breathing.
You are immune to petrification.
You are immune to rotting.


Message History

You see here a pair of gloves.
l - a pair of gloves Ijyb hits you with an enchanted club.
You barely miss Ijyb. Ijyb misses you. Ijyb misses you.
Ijyb hits you with an enchanted club.
Keep equipping yourself?
You start putting on your armour.
You continue putting on your pair of gloves.
You block Ijyb's attack.
You continue putting on your pair of gloves.
Ijyb closely misses you.
You continue putting on your pair of gloves.
Ijyb screams, "Me stronger than you!" Ijyb hits you with an enchanted club!
* * * LOW HITPOINT WARNING * * *
You continue putting on your pair of gloves.
You finish putting on your +0 pair of gloves.
Ijyb hits you with an enchanted club!
You die...

.... ####.##..#### ....
#.##..# ....#####.##..##
........#.##...########
......#.#.##.#........#####
.........................>#
##....######.#.....##..##.#
#............#.....##..##.#
#.....(.........@..##..##.#
#............##g...##.....#
#.................####.####
#............###..# #.#
#............# ##(# #.#
.............# #..# #.#
#............#
##..###.########
.............
................
.##.###########.#.##.########


You could see Ijyb.

Vanquished Creatures
  An ooze (D:1)
  2 giant geckos (D:1)
  5 bats (D:1)
  2 giant cockroaches
  3 hobgoblins (D:1)
  A jackal (D:2)
  A quokka (D:2)
  A ball python (D:1)
  2 giant newts
  4 goblins (D:1)
  A kobold (D:1)
  A rat (D:1)
24 creatures vanquished.

Notes
Turn   | Place    | Note
--------------------------------------------------------------
     0 | D:1      | Heliophagus the Gargoyle Earth Elementalist began the quest for the Orb.
     0 | D:1      | Reached XP level 1. HP: 10/10 MP: 3/3
   338 | D:1      | Reached XP level 2. HP: 12/15 MP: 5/5
   459 | D:1      | Reached skill level 4 in Earth Magic
   725 | D:1      | Reached XP level 3. HP: 16/19 MP: 6/6
  1171 | D:2      | Noticed Terence
  1266 | D:2      | Noticed Ijyb
  1288 | D:2      | Slain by Ijyb

Action                   || total
-------------------------++-------
Melee: Club              ||    82
       Unarmed           ||     2
 Cast: Sandblast         ||    14
 Stab: Sleeping          ||     5
  Eat: Chunk             ||     1
